 Dungeon Crawl Stone Soup version 0.29-a0-275-g389c0b56f3 (webtiles) character file.

Game seed: 13607924197236710816

32 spaghetti the Vandal (level 3, 18/34 HPs)
             Began as a Deep Dwarf Hunter on Mar 9, 2022.
             Was a Follower of Uskayaw.
             Quit the game on level 2 of the Dungeon.
             The game lasted 00:03:32 (1058 turns).

spaghetti the Vandal (Deep Dwarf Hunter)            Turns: 1058, Time: 00:03:33

Health: 18/34      AC:  3    Str: 17    XL:     3   Next: 10%
Magic:  3/3        EV: 12    Int: 17    God:    Uskayaw [*.....]
Gold:   94         SH:  0    Dex: 13    Spells: 2/2 levels left

rFire   . . .      SeeInvis .   (no weapon)
rCold   . . .      Faith    .   (no shield)
rNeg    . . .      Spirit   .   b - +0 leather armour
rPois   .          Reflect  .   (no helmet)
rElec   .          Harm     .   (no cloak)
rCorr   .          Rampage  .   (no gloves)
Will    .....                   (no boots)
Stlth   +.........              (no amulet)
HPRegen 0.00/turn               j - +6 ring of intelligence
MPRegen 0.08/turn               (no ring)

@: mildly poisoned (18 -> 18)
A: damage resistance, heal wounds, sense surroundings 1, no regeneration
a: Heal Wounds, Renounce Religion, Stomp


You were on level 2 of the Dungeon.
You worshipped Uskayaw.
Uskayaw was noncommittal.
You visited 1 branch of the dungeon, and saw 2 of its levels.

You collected 94 gold pieces.


Innate Abilities, Weirdness & Mutations

You are resistant to damage.
You can heal yourself by infusing magical energy.
You passively map a small area around you.
You do not regenerate.


   Skills:
 + Level 3.3 Fighting
 - Level 4.3 Slings
 - Level 2.1 Dodging
 - Level 1.2 Stealth


You had 2 spell levels left.
You didn't know any spells.
Your spell library was empty.

Inventory:

Hand Weapons
 a - a +1 hunting sling {sling}
 g - a +0 whip {mace}
   (You found it on level 1 of the Dungeon)
Missiles
 e - 21 stones {throwing}
Armour
 b - a +0 leather armour (worn)
Jewellery
 j - a +6 ring of intelligence (left hand)
   (You found it on level 1 of the Dungeon)
Scrolls
 c - a scroll of immolation {!r!r}
 d - a scroll of fog {unknown}
 f - a scroll of teleportation {@r4}
Potions
 h - a potion of curing {unknown}
 i - a potion of degeneration {unknown}

Dungeon Overview and Level Annotations

Branches:
Dungeon (2/15)

Altars:
Uskayaw

, #..#+###.#
* ,
##........#
###.........
, ,
..<....... *
#.......
*###...... #,
,
........#.#,,
, ......S@..#
* ..#...#####
* ..... * * ,
#.#. , * , #
#,* * , ,* *
, * , , , , ,
, , *


You could see an adder.


Message History

The sling bullet closely misses the rat.
You shoot a sling bullet. The sling bullet hits the rat.
You kill the rat!
Key pressed, stopping explore.
There is an open door here.
You open the door.
There is an open door here.
You open the door.
There is an open door here.
There is an open door here.
There is an open door here.
There is an open door here.
There is an escape hatch in the floor here.
Done exploring.
Done exploring.
(D) Dungeon
Where to? (Enter - D:1 @ (x,y), ? - help)
There is an escape hatch in the floor here.
There is an open door, spattered with blood here.
You see here a +0 short sword {short}.
There is an open door here.
There is a stone staircase leading down here.
You climb downwards.
The adder hisses angrily.
Found a stone staircase leading up.
There is a stone staircase leading up here.
An adder is nearby!
Fire: a) +1 hunting sling {sling}
Press: ? - help, Q - select action, (/) - cycle Shift-Dir - straight line, f - adder
Aim: an adder (40% to hit)
You shoot a sling bullet. The sling bullet hits the adder.
Fire: a) +1 hunting sling {sling}
Press: ? - help, Q - select action, (/) - cycle Shift-Dir - straight line, f/p - adder
Aim: an adder (lightly wounded, 40% to hit)
You shoot a sling bullet.
The sling bullet barely misses the adder.
Fire: a) +1 hunting sling {sling}
Press: ? - help, Q - select action, (/) - cycle Shift-Dir - straight line, f/p - adder
Aim: an adder (lightly wounded, 40% to hit)
You shoot a sling bullet. The sling bullet misses the adder.
The adder bites you.
You are poisoned.
The adder poisons you! The adder barely misses you. 😕 HP[-3]
You take 3 damage, and now have 29/34 hp.
You are now empty-handed.
Really attack while wielding nothing? [Y]es or [N]o only, please.
Really attack while wielding nothing?
You barely miss the adder. The adder misses you.
An adder is nearby!
You closely miss the adder. The adder closely misses you.
The adder bites you. 😕 HP[-1]
You take 1 damage, and now have 28/34 hp.
You closely miss the adder. The adder bites you but does no damage.
You barely miss the adder.
You are no longer poisoned.
The adder bites you.
You hit the adder. The adder closely misses you. The adder bites you.
You hit the adder. The adder bites you but does no damage.
You hit the adder but do no damage. The adder closely misses you.
You barely miss the adder. The adder closely misses you.
The adder bites you but does no damage.
You hit the adder. Your punch misses the adder.
The adder completely misses you.
You hit the adder but do no damage. The adder bites you. 😕 HP[-2]
You take 2 damage, and now have 26/34 hp.
You hit the adder. The adder closely misses you.
You can now pass through a line of other dancers.
You barely miss the adder. The adder bites you. x2 😮 HP[-3]
You take 3 damage, and now have 23/34 hp.
You miss the adder. The adder bites you. 😮 HP[-1]
You take 1 damage, and now have 22/34 hp.
You closely miss the adder. The adder misses you.
You completely miss the adder. The adder bites you. x2
You are poisoned.
The adder poisons you! 😮 HP[-3]
You take 3 damage, and now have 19/34 hp.
You hit the adder. Your punch misses the adder. The adder closely misses you.
You barely miss the adder. The adder misses you.
You hit the adder but do no damage. The adder bites you.
The adder barely misses you.
You hit the adder but do no damage.
You are no longer poisoned.
The adder misses you.
You barely miss the adder. The adder bites you. 😮 HP[-1]
You take 1 damage, and now have 18/34 hp.
You barely miss the adder. The adder barely misses you.
You hit the adder but do no damage. The adder barely misses you.
The adder closely misses you.
You can no longer pass through a line of other dancers.
You hit the adder but do no damage. The adder bites you.
You are poisoned.
The adder poisons you!
Are you sure you want to abandon this character and quit the game? (Confirm with "yes".)

Skill      XL: |  1  2 |
---------------+-------+-----
Fighting       | 2 3 |  3.3
Slings         | |  4.3
Dodging        | |  2.1
Stealth        | |  1.2

Action                   || total
-------------------------++-------
Melee: Unarmed           ||    32
       Punch             ||     1
 Fire: Hunting sling     ||    83
  Use: Scroll            ||     2
Armor: Leather armour    ||    19
Dodge: Dodged            ||    66

Levels and vault maps discovered:
D:1:      amcnicky_arrival_feature_with_door, layout_loops_corners,
          basic_ecumenical_altar, minmay_misc_feat_cross, nrook_loot_triangle,
          minmay_heptomino_h4
D:2:      layout_basic

Notes
Turn   | Place    | Note
-------+----------+-------------------------------------------
     0 | D:1      | spaghetti the Deep Dwarf Hunter began the quest for the
                  | Orb.
     0 | D:1      | Reached XP level 1. HP: 19/19 MP: 1/1
     0 | D:1      | magus.rc [v1.9.6]
    75 | D:1      | Reached skill level 2 in Fighting
   178 | D:1      | Reached XP level 2. HP: 27/27 MP: 2/2
   329 | D:1      | Reached skill level 3 in Fighting
   475 | D:1      | Reached XP level 3. HP: 32/34 MP: 3/3
   542 | D:1      | Found a faded altar of an unknown god.
   609 | D:1      | Prayed at the altar of an unknown god.
   609 | D:1      | Became a worshipper of Uskayaw the Reveller
   609 | D:1      | Reached * piety under Uskayaw
  1045 | D:2      | Reached ** piety under Uskayaw
  1058 | D:2      | Quit the game

Vanquished Creatures
  2 dart slugs (D:1)
  5 endoplasms (D:1)
  4 jackals (D:1)
  4 kobolds (D:1)
  A ball python (D:1)
  6 bats (D:1)
  3 frilled lizards (D:1)
  2 rats (D:1)
27 creatures vanquished.

Table legend:
 A = Non-vault XP
 B = Vault XP
 C = Vault XP percentage of total XP
 D = Non-vault monster count
 E = Vault monster count
 F = Vault count percentage of total count
                 A         B        C        D         E       F
            +---------+---------+-------+---------+---------+-------
      Total |      41 |       6 |  12.8 |      23 |       4 |  14.8
            +---------+---------+-------+---------+---------+-------
        D:1 |      41 |       6 |  12.8 |      23 |       4 |  14.8
            +---------+---------+-------+---------+---------+-------

Illustrated notes

Table legend:
 A = Kills in this place as a percentage of kills in entire the game.
 B = Kills by you in this place as a percentage of kills by you in the entire game.
 C = Kills by friends in this place as a percentage of kills by friends in the entire game.
 D = Other kills in this place as a percentage of other kills in the entire game.
 E = Experience gained in this place as a percentage of experience gained in the entire game.
 F = Experience gained in this place divided by the number of levels of this place that you have seen.
                   A       B       C       D       E      F
               +-------+-------+-------+-------+-------+----------------------
         Total | 100.0 | 100.0 |   N/A |   N/A | 100.0 |  23.5
       Dungeon | 100.0 | 100.0 |   N/A |   N/A | 100.0 |  23.5
               +-------+-------+-------+-------+-------+----------------------

Table legend: (Time is in decaauts)
 A = Elapsed time spent in this place.
 B = Non-inter-level travel time spent in this place.
 C = Inter-level travel time spent in this place.
 D = Time resting spent in this place.
 E = Time spent auto-exploring this place.
 F = Levels seen in this place.
 G = Mean time per level.
                   A        B        C        D        E       F      G
               +--------+--------+--------+--------+--------+-----+--------+
         Total |   1080 |    982 |     98 |      0 |    782 |   2 |  540.0 |
       Dungeon |   1080 |    982 |     98 |      0 |    782 |   2 |  540.0 |
               +--------+--------+--------+--------+--------+-----+--------+

Top non-repeatable levels by time:
     D:1: 1052 daAuts
     D:2: 28 daAuts
